Cogmind - Beta 14 @@@ ROGUE MODE // 2025.03.26 @ 21:18:44 Player: zeyvai Result: Destroyed by Y-54 Guardian with Flak Gun Performance ------------- Evolutions (4) 2000 Regions Visited (9) 1800 Robots Destroyed (58) 290 Value Destroyed (1776) 1776 Prototype IDs (25) 500 Alien Tech Used (0) 0 Bonus (300) 300 TOTAL SCORE: 6666 Bonus ------- Aligned with FarCom 300 Cogmind --------- Core Integrity 0/850 Matter 88/300 Energy 100/100 System Corruption 0% Temperature Warm (102) Movement Core (50) Location -6/Factory Parts ------- > --- POWER (2) -------- (None) > --- PROPULSION (5) --- (None) > --- UTILITY (5) ------ Improved Trap Scanner Advanced Signal Interpreter Melee Analysis Suite > --- WEAPON (3) ------- (None) > --- INVENTORY (5) ---- Deploy-a-Sentry Peak State ------------ > --- POWER ------------ Ion Engine Cooled Ion Engine > --- PROPULSION ------- Wheel Wheel Improved Gravmag System Gravmag Array > --- UTILITY ---------- Energy Well Improved Sensor Array Improved Signal Interpreter Advanced Signal Interpreter Melee Analysis Suite > --- WEAPON ----------- Field Laser Heavy Machine Gun Spear > --- INVENTORY -------- Nuclear Core Flak Gun Deploy-a-Sentry [Rating: 53] Favorites ----------- Power Light Nuclear Core Engine Heavy Ion Engine Power Core Light Nuclear Core Propulsion Light Treads Treads Light Treads Leg Aluminum Leg Wheel Wheel Hover Unit Improved Gravmag System Flight Unit Flight Unit Utility Sensor Array Device Sensor Array Storage Small Storage Unit Processor Improved Signal Interpreter Protection Improved Propulsion Shielding Weapon Autogun Energy Gun Gatling Laser Energy Cannon EM Pulse Cannon Ballistic Gun Autogun Ballistic Cannon Assault Cannon Piercing Weapon Spear Build | -11 -10 -9 -9 -9 -8 -8 -8 -7 -6 ------- Run | Yrd Mat Mat Min Exi Min Mat Sto Fac Fac Slots Evolved 8 | . . 2 . . . 2 . 2 2 Power 1 | . . . . . . . . 1 . Propulsion 3 | . . 1 . . . 1 . . 1 Utility 3 | . . 1 . . . 1 . . 1 Weapon 1 | . . . . . . . . 1 . Parts Attached 87 | 4 6 3 2 3 14 7 11 15 22 Power 14 | . 2 . . . 1 2 4 2 3 Engine 8 | . 1 . . . . . 4 1 2 Core 6 | . 1 . . . 1 2 . 1 1 Reactor . | . . . . . . . . . . Propulsion 29 | 2 . . 1 2 6 2 5 4 7 Treads 9 | 2 . . . 2 . 2 3 . . Leg 4 | . . . . . 3 . . . 1 Wheel 2 | . . . . . . . . . 2 Hover 2 | . . . . . . . . . 2 Flight 12 | . . . 1 . 3 . 2 4 2 Utility 19 | 1 1 1 1 . 4 2 1 4 4 Device 9 | . 1 1 1 . . 1 . 3 2 Storage 5 | 1 . . . . 2 . 1 . 1 Processor 4 | . . . . . 1 1 . 1 1 Hackware . | . . . . . . . . . . Protection 1 | . . . . . 1 . . . . Artifact . | . . . . . . . . . . Weapon 25 | 1 3 2 . 1 3 1 1 5 8 Energy Gun 4 | 1 . . . . . . . . 3 Energy Cannon 1 | . . . . . 1 . . . . Ballistic Gun 18 | . 3 2 . 1 2 . 1 5 4 Ballistic Cannon 1 | . . . . . . 1 . . . Launcher . | . . . . . . . . . . Special Weapon . | . . . . . . . . . . Impact Weapon . | . . . . . . . . . . Slashing Weapon . | . . . . . . . . . . Piercing Weapon 1 | . . . . . . . . . 1 Special Melee Weapon . | . . . . . . . . . . Unidentified Prototypes 2 | . . . . . . . 2 . . Corrupted Parts 1 | . . . . . 1 . . . . System Corruption 1 | . . . . . 1 . . . . Parts Lost 53 | . 1 . 1 . 9 7 3 8 24 Power 7 | . . . . . 1 1 . . 5 Propulsion 19 | . . . . . 4 3 1 4 7 Utility 12 | . . . 1 . 2 2 1 2 4 Weapon 15 | . 1 . . . 2 1 1 2 8 Highest Loss Streak 14 | . 1 . 1 . 4 3 2 7 14 To Critical Strikes 2 | . . . . . 1 . . . 1 Average Slot Usage (%) 85 | . 97 88 89 99 95 77 77 77 64 Engine 3 | . 9 . . . . . 9 8 3 Core 6 | . 4 11 11 11 9 9 . 5 4 Treads 13 | . 28 22 22 21 10 3 19 11 . Leg 3 | . . . . . 9 14 . . 3 Flight 9 | . . . 8 11 11 . 8 15 9 Device 13 | . 12 22 14 22 20 4 9 5 7 Storage 8 | . 14 11 11 11 11 9 1 6 5 Processor 5 | . . . . . . 16 12 8 14 Energy Gun 1 | . 3 . . . . . . . 5 Ballistic Gun 14 | . 24 22 22 22 17 12 9 8 2 Ballistic Cannon 1 | . . . . . . 5 9 3 . Peak Build Rating 53 | 4 11 12 13 15 20 24 22 32 53 Average Rating 19 | 3 9 12 12 14 14 20 17 26 36 On Entrance 14 | . 4 11 12 13 15 20 15 22 29 Naked Turns . | . . . . . . . . . . Heaviest Build 30 | 7 17 18 19 19 27 27 18 30 30 Greatest Support 60 | 40 40 40 40 40 40 40 60 60 30 Greatest Overweight (x) 8 | . . . . 4 4 8 . 6 2 Average Overweight (x) . | . . . . . . . . . . Largest Inventory Capacity 10 | 8 8 8 8 8 10 10 5 5 5 Average Capacity 7 | 6 8 8 8 8 9 10 5 5 5 Most Carried 10 | 8 8 8 8 8 10 10 5 5 5 Average Carried 6 | 5 7 7 7 8 8 9 4 4 3 Final Capacity 10 | 8 8 8 8 8 10 5 5 5 5 Final Carried 8 | 8 8 8 8 8 6 5 5 5 1 Class Distribution -------------------- 49% | Mutant 21% | Skirmisher 16% | Scavenger-Mutant 4% | Scavenger-Skirmisher 4% | Scavenger-Scout Dominant Class ---------------- Mutant | -10/Materials Mutant | -9/Materials Mutant | -9/Mines Mutant | -9/Exiles Skirmisher | -8/Mines Scavenger-Mutant | -8/Materials Scavenger-Mutant | -8/Storage Scavenger-Skirmisher | -7/Factory Mutant | -6/Factory Resources | -11 -10 -9 -9 -9 -8 -8 -8 -7 -6 ----------- Run | Yrd Mat Mat Min Exi Min Mat Sto Fac Fac Matter Collected 1880 | 207 303 . 95 . 355 204 224 248 244 Remotely 303 | . 303 . . . . . . . . Salvage Created 1775 | . 398 . 51 . 262 199 314 164 387 Parts 118 | . 35 . 2 . 17 13 22 13 16 Haulers Intercepted . | . . . . . . . . . . Recyclers Shooed 2 | . 1 . . . . . 1 . . Parts Field Recycled . | . . . . . . . . . . Retrieved Matter . | . . . . . . . . . . Parts Self-Destructed . | . . . . . . . . . . Prevented . | . . . . . . . . . . Kills | -11 -10 -9 -9 -9 -8 -8 -8 -7 -6 ------- Run | Yrd Mat Mat Min Exi Min Mat Sto Fac Fac Combat Hostiles Destroyed 49 | . 10 . 3 . 8 4 10 4 10 Guns 42 | . 10 . 3 . 7 4 5 3 10 Cannons 7 | . . . . . 1 . 5 1 . Classes Destroyed 8 | . 5 . . . 2 1 . . . Worker 2 | . . . . . 1 . . 1 . Builder 1 | . 1 . . . . . . . . Operator 2 | . 1 . . . . . 1 . . Watcher 4 | . 2 . . . . . 1 1 . Swarmer 20 | . 3 . 3 . 4 . 3 2 5 Grunt 19 | . 7 . . . . 2 4 2 4 Sentry 5 | . . . . . . 2 2 . 1 Hunter 5 | . . . . . 4 . 1 . . Best Kill Streak 7 | . 7 . 3 . 3 2 5 4 3 Combat Bots Only 5 | . 3 . 3 . 2 2 5 3 3 Max Kills in Single Turn 2 | . 1 . 1 . 2 1 1 1 1 Gunslinging . | . . . . . . . . . . Exploded . | . . . . . . . . . . Melee . | . . . . . . . . . . Uniques/NPCs Destroyed . | . . . . . . . . . . Combat | -11 -10 -9 -9 -9 -8 -8 -8 -7 -6 -------- Run | Yrd Mat Mat Min Exi Min Mat Sto Fac Fac Hostile Shots Fired 660 | . 38 . 46 . 71 37 82 76 310 Missed 217 | . 6 . 9 . 22 5 28 43 104 Damage Taken 5816 | . 352 . 303 . 632 561 679 697 2592 Core 1433 | . 51 . 59 . 114 77 58 221 853 Absorbed by Shields 138 | . . . . . . . . . 138 Redirected to Shielding 30 | . . . . . . 30 . . . Core Remaining (%) 75 | 100 79 . . . 56 . 75 68 . Volleys Fired 227 | . 32 3 12 . 41 20 37 19 63 Largest 3 | . 2 2 2 . 2 2 2 3 2 Hottest 95 | . 63 46 46 . 86 72 72 95 93 Shots Fired 384 | . 63 6 24 . 69 39 73 30 80 Gun 328 | . 63 6 24 . 61 31 36 27 80 Cannon 56 | . . . . . 8 8 37 3 . Launcher . | . . . . . . . . . . Special . | . . . . . . . . . . Kinetic 325 | . 53 6 24 . 61 39 73 30 39 Thermal 41 | . . . . . . . . . 41 Explosive . | . . . . . . . . . . Electromagnetic 18 | . 10 . . . 8 . . . . Robot Hit Streak 16 | . 9 1 2 . 7 16 9 10 10 Robot Miss Streak 7 | . 4 2 5 . 3 2 5 4 7 Penetration Max . | . . . . . . . . . . Secondary Targets 5 | . 1 . 2 . 1 1 . . . Max Gunslinging Chain 1 | . 1 . 1 . 1 1 . . . Shots Hit Robots 239 | . 36 2 8 . 43 31 48 12 59 Core Hits 109 | . 19 . 3 . 18 7 19 8 35 Critical Kills 4 | . 2 . . . . . . . 2 Critical Parts Destroyed . | . . . . . . . . . . Critical Strikes 7 | . 2 . . . . . 1 1 3 Destroy 4 | . 2 . . . . . . . 2 Blast 2 | . . . . . . . 1 1 . Impale 1 | . . . . . . . . . 1 Melee Attacks 4 | . . . . . . . . . 4 Impact . | . . . . . . . . . . Slashing . | . . . . . . . . . . Piercing 4 | . . . . . . . . . 4 Sneak Attacks . | . . . . . . . . . . Combat Hostiles . | . . . . . . . . . . Follow-up Attacks . | . . . . . . . . . . Damage Inflicted 4572 | . 638 33 109 . 704 581 1031 268 1208 Guns 3468 | . 603 33 109 . 443 482 432 218 1148 Cannons 962 | . . . . . 214 99 599 50 . Explosions 78 | . 35 . . . 43 . . . . Melee 60 | . . . . . . . . . 60 Ramming 4 | . . . . . 4 . . . . Kinetic 3444 | . 458 33 109 . 443 581 1031 268 521 Thermal 705 | . 35 . . . 43 . . . 627 Explosive . | . . . . . . . . . . Electromagnetic 359 | . 145 . . . 214 . . . . Impact . | . . . . . . . . . . Slashing . | . . . . . . . . . . Piercing 60 | . . . . . . . . . 60 Highest Corruption 1 | . . . . . 1 . . . . Average Corruption 1 | . . . . . 1 . . . . Corruption Purged . | . . . . . . . . . . Corruption Blocked . | . . . . . . . . . . Effects 5 | . . . . . 5 . . . . Message Errors 1 | . . . . . 1 . . . . Matter Fused 3 | . . . . . 3 . . . . Energy Discharges 1 | . . . . . 1 . . . . Overload Shots . | . . . . . . . . . . Overflow Damage 30 | . 7 . . . . 11 12 . . Projectiles 23 | . . . . . . 11 12 . . Explosions 7 | . 7 . . . . . . . . Melee . | . . . . . . . . . . Knockbacks 7 | . . . . . . 2 5 . . Impact . | . . . . . . . . . . Kinetic 6 | . . . . . . 2 4 . . Secondary 1 | . . . . . . . 1 . . Self-Inflicted Damage . | . . . . . . . . . . Shots . | . . . . . . . . . . Rammed . | . . . . . . . . . . Targets Rammed 2 | . . . . . 2 . . . . Kicked 2 | . . . . . 2 . . . . Crushed . | . . . . . . . . . . Highest Temperature 237 | . 56 4 . . 157 8 15 24 237 Average Temperature 56 | . 19 3 . . 45 2 10 11 94 Received Heat Transfer 1172 | . 138 . . . . 162 216 129 527 Siege Activations . | . . . . . . . . . . Robots Corrupted . | . . . . . . . . . . Combat Hostiles . | . . . . . . . . . . Parts Fried 1 | . . . . . 1 . . . . Impact Corruptions . | . . . . . . . . . . Robots Melted . | . . . . . . . . . . Combat Hostiles . | . . . . . . . . . . Parts Melted 4 | . . . . . . . . . 4 Heat Transferred 1479 | . 50 . . . 50 . . . 1379 Parts Sabotaged . | . . . . . . . . . . Parts Stolen . | . . . . . . . . . . Parts Stripped . | . . . . . . . . . . Power Chain Reactions 2 | . 1 . . . 1 . . . . Alert | -11 -10 -9 -9 -9 -8 -8 -8 -7 -6 ------- Run | Yrd Mat Mat Min Exi Min Mat Sto Fac Fac Peak Influence 308 | . 308 57 82 . 155 95 211 132 90 Initial 57 | . . 57 22 . . 18 31 39 2 Average 55 | . 183 57 73 . 29 57 77 50 19 Maximum Alert Level 1 | . 1 . . . . . 1 . . Low Security (%) 95 | 100 50 100 100 . 100 100 98 100 100 Level 1 4 | . 50 . . . . . 1 . . Level 2 . | . . . . . . . . . . Level 3 . | . . . . . . . . . . Level 4 . | . . . . . . . . . . Level 5 . | . . . . . . . . . . High Security . | . . . . . . . . . . Max Security . | . . . . . . . . . . Squads Dispatched 9 | . 5 1 . . . 1 1 . 1 Investigation 2 | . . 1 . . . . 1 . . Extermination 1 | . . . . . . . . . 1 Reinforcement 6 | . 5 . . . . 1 . . . Assault . | . . . . . . . . . . Garrison . | . . . . . . . . . . Intercept . | . . . . . . . . . . Searches Triggered . | . . . . . . . . . . Construction Impeded . | . . . . . . . . . . Haulers Reinforced . | . . . . . . . . . . Active Scanning Responses . | . . . . . . . . . . Cargo Convoy Interrupts . | . . . . . . . . . . Stealth | -11 -10 -9 -9 -9 -8 -8 -8 -7 -6 --------- Run | Yrd Mat Mat Min Exi Min Mat Sto Fac Fac Distress Signals 6 | . 2 . . . . 1 2 1 . Communications Jammed . | . . . . . . . . . . Distress Signals . | . . . . . . . . . . Times Spotted 84 | . 20 2 3 . 10 6 14 12 17 Peak Tracking Total 6 | . 6 2 3 . 4 3 6 4 4 Tactical Retreats 3 | . . . . . 1 . . 1 1 Traps | -11 -10 -9 -9 -9 -8 -8 -8 -7 -6 ------- Run | Yrd Mat Mat Min Exi Min Mat Sto Fac Fac Traps Triggered 1 | . . . . . . . . . 1 Indirectly . | . . . . . . . . . . Trap Hack Attempts . | . . . . . . . . . . Triggered . | . . . . . . . . . . Disarmed 1 | . 1 . . . . . . . . Reprogrammed . | . . . . . . . . . . Reused . | . . . . . . . . . . Traps Extracted . | . . . . . . . . . . Installed . | . . . . . . . . . . Triggered . | . . . . . . . . . . Machines | -11 -10 -9 -9 -9 -8 -8 -8 -7 -6 ---------- Run | Yrd Mat Mat Min Exi Min Mat Sto Fac Fac Machines Disabled . | . . . . . . . . . . Max in Single Turn . | . . . . . . . . . . Machines Repaired . | . . . . . . . . . . Machines Dismantled . | . . . . . . . . . . Machines Sabotaged . | . . . . . . . . . . Overloaded Fab Kills . | . . . . . . . . . . Hacking | -11 -10 -9 -9 -9 -8 -8 -8 -7 -6 --------- Run | Yrd Mat Mat Min Exi Min Mat Sto Fac Fac Machines Accessed 9 | . 1 1 . 4 . . 2 . 1 Terminals 5 | . 1 1 . . . . 2 . 1 Fabricators . | . . . . . . . . . . Repair Stations . | . . . . . . . . . . Recycling Units . | . . . . . . . . . . Scanalyzers . | . . . . . . . . . . Garrison Access . | . . . . . . . . . . Total Hacks 56 | . 2 2 . 41 . . 7 . 4 Successful 51 | . 2 . . 41 . . 6 . 2 Failed 5 | . . 2 . . . . 1 . 2 Catastrophic 3 | . . . . . . . 1 . 2 Database Lockouts . | . . . . . . . . . . Manual 1 | . . . . 1 . . . . . Terminals 15 | . 2 2 . . . . 7 . 4 Fabricators . | . . . . . . . . . . Repair Stations . | . . . . . . . . . . Recycling Units . | . . . . . . . . . . Scanalyzers . | . . . . . . . . . . Garrison Access . | . . . . . . . . . . Terminal Hacks 51 | . 2 . . 41 . . 6 . 2 Record 47 | . . . . 40 . . 5 . 2 Alert Level 1 | . . . . . . . 1 . . Locate Traps 1 | . 1 . . . . . . . . Disarm Traps 1 | . 1 . . . . . . . . Derelict Proto ID Bank 1 | . . . . 1 . . . . . Fabricator Hacks . | . . . . . . . . . . Repair Station Hacks . | . . . . . . . . . . Recycling Unit Hacks . | . . . . . . . . . . Scanalyzer . | . . . . . . . . . . Garrison Access Hacks . | . . . . . . . . . . Unauthorized Hacks . | . . . . . . . . . . Terminals . | . . . . . . . . . . Fabricators . | . . . . . . . . . . Repair Stations . | . . . . . . . . . . Recycling Units . | . . . . . . . . . . Scanalyzers . | . . . . . . . . . . Garrison Access . | . . . . . . . . . . Data Cores Recovered 1 | . . . . . . . 1 . . Used . | . . . . . . . . . . Hacking Detections 5 | . 1 1 . . . . 2 . 1 Full Trace Events 2 | . . 1 . . . . 1 . . Feedback Events . | . . . . . . . . . . Feedback Blocked . | . . . . . . . . . . Robot Schematics Acquired . | . . . . . . . . . . Robots Built . | . . . . . . . . . . Authchips . | . . . . . . . . . . Time . | . . . . . . . . . . Total Robot Build Rating . | . . . . . . . . . . Part Schematics Acquired . | . . . . . . . . . . Parts Built . | . . . . . . . . . . Authchips . | . . . . . . . . . . Time . | . . . . . . . . . . Total Part Build Rating . | . . . . . . . . . . Parts Repaired . | . . . . . . . . . . Time . | . . . . . . . . . . Parts Recycled . | . . . . . . . . . . Recycled Matter . | . . . . . . . . . . Retrieved Matter . | . . . . . . . . . . Retrieved Components . | . . . . . . . . . . Parts Scanalyzed . | . . . . . . . . . . Part Schematics Acquired . | . . . . . . . . . . Parts Damaged . | . . . . . . . . . . Bothacking | -11 -10 -9 -9 -9 -8 -8 -8 -7 -6 ------------ Run | Yrd Mat Mat Min Exi Min Mat Sto Fac Fac Used RIF Installer . | . . . . . . . . . . Robots Hacked . | . . . . . . . . . . Non-combat . | . . . . . . . . . . Combat . | . . . . . . . . . . Robot Hacks Applied . | . . . . . . . . . . Relay Couplers Released . | . . . . . . . . . . Fabnet Peak Effective % . | . . . . . . . . . . Robots Rewired . | . . . . . . . . . . Allies Hacked . | . . . . . . . . . . Hacks Repelled . | . . . . . . . . . . Allies | -11 -10 -9 -9 -9 -8 -8 -8 -7 -6 -------- Run | Yrd Mat Mat Min Exi Min Mat Sto Fac Fac Total Allies . | . . . . . . . . . . Largest Group . | . . . . . . . . . . Highest-Rated Group . | . . . . . . . . . . Highest-Rated Ally . | . . . . . . . . . . Total Orders . | . . . . . . . . . . Ally Attacks . | . . . . . . . . . . Total Damage . | . . . . . . . . . . Kills . | . . . . . . . . . . Allies Corrupted . | . . . . . . . . . . Allies Melted . | . . . . . . . . . . Intel | -11 -10 -9 -9 -9 -8 -8 -8 -7 -6 ------- Run | Yrd Mat Mat Min Exi Min Mat Sto Fac Fac Robot Analysis Total . | . . . . . . . . . . Derelict Logs Recovered . | . . . . . . . . . . Drone Launches . | . . . . . . . . . . Drone Recoveries . | . . . . . . . . . . Exploration | -11 -10 -9 -9 -9 -8 -8 -8 -7 -6 ------------- Run | Yrd Mat Mat Min Exi Min Mat Sto Fac Fac Turns Passed 5185 | 118 414 177 218 818 1173 223 657 552 835 Spaces Moved 2863 | 58 196 79 112 506 603 71 308 542 388 Core 53 | 5 . . . . . 7 . 6 35 Treads 1740 | 53 196 79 112 505 315 21 308 151 . Legs 432 | . . . . . 247 43 . . 142 Wheels 69 | . . . . . . . . . 69 Hover 131 | . . . . . . . . . 131 Flight 438 | . . . . 1 41 . . 385 11 Fastest Speed 26 | 50 160 160 160 160 114 120 160 26 61 Average Speed 138 | 150 160 160 160 160 166 176 160 74 108 Slowest Speed 450 | 160 160 160 160 360 360 450 163 355 190 Overloaded Moves . | . . . . . . . . . . Propulsion Burnouts . | . . . . . . . . . . Robots Hopped . | . . . . . . . . . . Cave-ins Triggered . | . . . . . . . . . . Exploration Rate (%) 34 | 6 45 9 15 88 99 8 48 16 10 Regions Visited 9 Branch Regions 4 Pre-discovered Areas 1 | . . . . 1 . . . . . Known Exits Taken 3 | . . . . . . 1 1 1 . Unknown Exits Taken 6 | 1 1 1 1 1 1 . . . . Scrap Searched 2 | . . . 1 . 1 . . . . Spaces Dug . | . . . . . . . . . . Terrain Destroyed 15 | . 3 . . . 7 2 3 . . Melee . | . . . . . . . . . . Projectile 5 | . . . . . . 2 3 . . AOE 10 | . 3 . . . 7 . . . . Terrain Rammed . | . . . . . . . . . . Walls Destroyed . | . . . . . . . . . . Machines Disabled . | . . . . . . . . . . Actions | -11 -10 -9 -9 -9 -8 -8 -8 -7 -6 --------- Run | Yrd Mat Mat Min Exi Min Mat Sto Fac Fac Total 3715 | 88 246 126 128 516 712 130 395 658 716 Wait 457 | 16 3 39 . . 43 24 33 76 223 Move 2854 | 57 195 78 111 505 602 70 307 541 388 Hop . | . . . . . . . . . . Pick Up 55 | 11 6 1 2 3 6 7 5 2 12 Fast Attach 26 | 1 1 . 1 2 2 3 2 10 4 Attach 41 | 3 3 1 1 . 9 2 4 3 15 Detach 2 | . . . . . 1 . . 1 . Swap 20 | . 2 2 . 1 3 2 5 2 3 Drop 27 | . 4 2 1 5 3 2 2 4 4 Fire 227 | . 32 3 12 . 41 20 37 19 63 Melee 4 | . . . . . . . . . 4 Ram . | . . . . . . . . . . Kick 2 | . . . . . 2 . . . . Crush . | . . . . . . . . . . Escape Stasis . | . . . . . . . . . . Rewire . | . . . . . . . . . . Trap . | . . . . . . . . . . Miscellaneous . | . . . . . . . . . . Route ------- -11/Scrapyard -10/Materials -9/Materials -9/Mines -9/Exiles (discovered 2 exits: [*Min x2]) -8/Mines -8/Materials -8/Storage -7/Factory -6/Factory History --------- Turn | Location | Event 4 | -11/Scrapyard | Discovered new exit (range 16) 119 | -11/Scrapyard | Entered Materials 312 | -10/Materials | Build established: Mutant 525 | -10/Materials | Discovered new exit (range 6) 533 | -10/Materials | Entered another Materials area 533 | -9/Materials | Evolved 2 slots: Propulsion x1, Utility x1 686 | -9/Materials | Discovered new exit (range 15) 710 | -9/Materials | Entered Mines 917 | -9/Mines | Deemed a non-threat by the Exiles lab entrance 918 | -9/Mines | Discovered new exit (range 5) 928 | -9/Mines | Entered Exiles 980 | -9/Exiles | Discovered new exit (range 15) 997 | -9/Exiles | Met 8R-AWN 1027 | -9/Exiles | Met EX-HEX 1094 | -9/Exiles | Met EX-BIN 1129 | -9/Exiles | Aligned with FarCom system 1131 | -9/Exiles | Given EX-Vault access code 1171 | -9/Exiles | Opened EX-Vault 1198 | -9/Exiles | Found Deploy-a-Sentry 1286 | -9/Exiles | Warned to stay clear of 0b10 Research branches 1329 | -9/Exiles | Met EX-DEC 1337 | -9/Exiles | Learned location of Zion (-6) 1396 | -9/Exiles | Discovered new exit (range 14) 1531 | -9/Exiles | Visited The Gauntlet 1746 | -9/Exiles | Left Exiles lab with Deploy-a-Sentry 1746 | -9/Exiles | Entered Mines 2036 | -8/Mines | Build established: Skirmisher 2897 | -8/Mines | Lost 4 parts (1n2u1w) 2903 | -8/Mines | Discovered new exit (range 14) 2919 | -8/Mines | Entered Materials 2919 | -8/Materials | Evolved 2 slots: Propulsion x1, Utility x1 2960 | -8/Materials | Discovered new exit (range 16) 3045 | -8/Materials | Lost 3 parts (1n1u1w) 3140 | -8/Materials | Identified exit to Storage 3142 | -8/Materials | Entered Storage 3391 | -8/Storage | Build established: Scavenger-Mutant 3774 | -8/Storage | Discovered new exit (range 16) 3797 | -8/Storage | Identified exit to Factory 3799 | -8/Storage | Entered Factory 3799 | -7/Factory | Evolved 2 slots: Power x1, Weapon x1 4112 | -7/Factory | Lost 7 parts (4n1u2w) 4341 | -7/Factory | Discovered new exit (range 11) 4350 | -7/Factory | Identified exit to Factory 4351 | -7/Factory | Entered another Factory area 4351 | -6/Factory | Evolved 2 slots: Propulsion x1, Utility x1 4654 | -6/Factory | Core integrity fell below 50% 4680 | -6/Factory | Lost 14 parts (2p4n2u6w) 4857 | -6/Factory | Build established: Mutant 5104 | -6/Factory | Core integrity fell below 20% 5186 | -6/Factory | Destroyed by Y-54 Guardian with Flak Gun Last Messages --------------- Fusion Modulator explodes. U-05 Engineer lays Concrete. G-50 Soldier overheating. U-05 Engineer lays Concrete. Adv. Heat Sink melted. G-50 Soldier destroyed. U-05 Engineer lays Concrete. Acquired 25 matter. U-05 Engineer lays Concrete. K-01 Serf cleans the Pressure Siphon. Gatling Laser destroyed. Energy Well destroyed. Imp. Shield Generator destroyed. VTOL Module destroyed. M-28 Smith repairs Y-54 Guardian. Hvy. Laser destroyed. Carbon-fiber Leg destroyed. ALERT: Rogue bot located, Programmers report to Factory Zone 4L. Mic. Nuclear Core destroyed. Map ----- +----------------------------------------------------+ | ?????????????????????????????????????????????????? | | ?????????????????????????????????????????????????? | | ?????????????????????????????????????????????????? | | ?????????????????????????????????????????????????? | | ?????????????????????????????????????????????????? | | ????????????????????????????????????????????????## | | ???????????????????????????????????????????????# | | ???????????????????????????????????????????????# | | ???????????????????????????????????????????????# | | ???????????????????????????????????????????????# | | ?????????????????????????????###+##????????????# | | ????????????????????????????# ???????????# | | ????????????????????????????# #??????????# | | ????????????????????????????#] w #??????????# | | ???????????????????????????? +??????????# | | ????????????????????????????? ????????????## | | ????????????????????????????? ?????????????? | | ?????????????????????????????? ?????????????## | | ????????????o?????????????????# #???????????## # | | ??????????????????????????????# #???????####"""" | | ???????????????????############ #???????# | | ???????????????????# ## #???????# | | ???????????????????# ## ######### | | ???????????????????# # #! | | ???????????????????# # k # | | ???????????????????# !!@ Y/ """" + ! | | ???????????????????# !! m# ""F" # | | ???????????????????# !! # ^ # | | ???????????????????# g #^ ^ # | | ???????????????????#######g### "" """ ##"""""" | | ????????????????????????? ""^ """ | | ???????????????????????? " """ | | ??????????????????????? """ % | | ?????????????????????? | | ????????????????????? | | ???????????????????? ############+################ | | ??????????????????? ????????????????????????????? | | ?????????????????????????????????????????????????? | | ?????????????????????????????????????????????????? | | ?????????????????????????????????????????????????? | | ?????????????????????????????????????????????????? | | ?????????????????????????????????????????????????? | | ?????????????????????????????????????????????????? | | ?????????????????????????????????????????????????? | | ?????????????????????????????????????????????????? | | ?????????????????????????????????????????????????? | | ?????????????????????????????????????????????????? | | ?????????????????????????????????????????????????? | | ?????????????????????????????????????????????????? | | ?????????????????????????????????????????????????? | +----------------------------------------------------+ Best States ------------- Heat Dissipation 44 Energy Generation 24 Energy Capacity 780 Matter Stores 300 Matter Capacity 300 Sight Range 16 Robot Scan Range 15 Terrain Scan Density 10 ECM Strength 1 Propulsion Shielding 66 Evasion (%) 64 Targeting Accuracy 5 Melee Accuracy 5 Recoil Reduction 3 Item Schematics ----------------- None Robot Schematics ------------------ None Fabricated ------------ Nothing Alien Tech Used ----------------- None Achievements -------------- None Challenges ------------ None Game ------ Seed SigixSpreadSubcomponent Manual? 0 Play Time 00:53:03 Cumulative 50.5 hours Start 2024.10.26 @ 15:35:51 End 2025.03.26 @ 21:18:44 Sessions 3 Manual Loads 0 Difficulty Rogue Special Mode None Game No. 54 Rogue 47 Adventurer 5 Explorer 2 Win Type - Total 0 Types 0/0/0/0/0/0/0/0/0 Lore% 20 Gallery% 38 Achievement% 28 Wizard Run 0 Options --------- Layout 1 ASCII 0 Keyboard 0 Movement Mouse Keybinds 0 Fullscreen 0 Font 28/CherryShadow Map View 50x40 Zoom Use 0% Tactical HUD 0 Map Filters NONE Filters NONE Steam 1 RUN: 9aa32315-bba3-43d9-bf8e-65dda33aff2b